Map: [ESL] Stargazers

Players

Gerald

  • Race: Protoss Protoss
  • Spawn Location: 11:00

Bly - Winner!

  • Race: Zerg Zerg
  • Spawn Location: 1:00

Event: DreamHack SC2 Masters 2022 Atlanta (Online)

VOD

Have the link to the VOD?

Description

Time

  • Played on: Oct. 7, 2022, 1:52 p.m.
  • Length: 5:49

All games in this series

Show
View Real Time Build Order
Export as new Build Order

Gerald Protoss 

Build Orders: 1 Gate Expand 

Get SALT Encoding   

  12  0:00  Probe  
  13  0:12  Probe  
  14  0:19  Pylon  
  14  0:24  Probe  
  15  0:37  Probe (Chrono Boost)  
  15  0:42  Gateway  
  16  0:47  Probe (Chrono Boost)  
  17  0:50  Assimilator  
  17  0:52  Probe (Chrono Boost)  
  18  1:03  Probe  
  19  1:16  Probe  
  20  1:26  Nexus  
  20  1:36  Forge  
  20  1:42  Zealot (Chrono Boost)  
  20  1:46  Probe  
  23  1:55  Cybernetics Core  
  23  2:01  Pylon  
  23  2:11  Assimilator  
  22  2:17  Photon Cannon  
  22  2:20  Probe  
  23  2:28  Stalker (Chrono Boost)  
  23  2:35  Shield Battery  
  27  2:46  Photon Cannon  
  27  2:51  Stalker  
  25  3:00  Photon Cannon  
  25  3:07  Shield Battery  
  25  3:13  Pylon  
  25  3:21  Stalker  
  27  3:28  Photon Cannon, Probe  
  28  3:38  Probe  
  29  3:43  Probe, Cybernetics Core  
  30  3:55  Zealot, Probe  
  32  3:58  Probe  
  34  4:08  Probe  
  35  4:10  Probe  
  36  4:20  Probe  
  36  4:22  Probe  
  36  4:33  Probe  
  36  4:35  Probe  
  36  4:36  Shield Battery  
  38  4:39  Stargate  
  38  4:41  Photon Cannon  
  38  4:42  Photon Cannon  
  38  4:54  Pylon  
  32  5:21  Probe  
  33  5:22  Probe  
  33  5:26  Shield Battery  
  33  5:28  Shield Battery, Pylon  
  34  5:37  Pylon  
Show
View Real Time Build Order
Export as new Build Order

Bly Zerg - Winner!

Build Orders: Hatch First, Ravager All-In 

Get SALT Encoding   

  12  0:00  Drone  
  13  0:13  Overlord  
  13  0:22  Drone  
  14  0:32  Drone x2  
  16  0:40  Drone  
  17  0:57  Hatchery  
  17  1:00  Drone  
  17  1:05  Drone  
  17  1:08  Extractor  
  17  1:18  Spawning Pool  
  16  1:21  Drone  
  16  1:25  Drone  
  18  1:30  Drone  
  19  1:41  Drone  
  20  2:05  Zergling x4  
  22  2:10  Queen  
  22  2:11  Zergling x2  
  22  2:14  Overlord  
  27  2:25  Roach Warren  
  27  2:29  Zergling x2  
  25  2:32  Spine Crawler  
  25  2:34  Spine Crawler  
  23  2:40  Spine Crawler  
  22  2:44  Drone  
  22  2:58  Drone x3  
  25  3:01  Extractor  
  23  3:17  Roach x2  
  23  3:18  Roach  
  29  3:23  Overlord  
  29  3:37  Overlord  
  29  3:52  Roach x3  
  35  3:59  Ravager x3  
  38  4:13  Roach  
  38  4:14  Ravager  
  38  4:15  Drone x3  
  44  4:29  Overlord  
  44  4:37  Zergling x2  
  43  4:50  Zergling x8  
  43  4:51  Ravager  
  43  4:52  Ravager  
  47  5:09  Roach  
  47  5:10  Zergling x4  
Tags
 
Add a new tag
Caveats
  • Supply blocks, unpowered buildings, or Contaminate may cause inaccurate times.
  • Supply counts are checked every 10 seconds.